 Dungeon Crawl Stone Soup version 0.21-a0-51-gea492e9 (webtiles) character file.

256 ldierk the Skirmisher (level 6, 0/53 HPs)
             Began as a Ghoul Gladiator on June 12, 2017.
             Slain by an orc
             ... wielding a +0 short sword
              (5 damage)
             ... while paralysed
             ... on level 3 of the Dungeon.
             The game lasted 00:08:46 (3140 turns).

ldierk the Skirmisher (Ghoul Gladiator)             Turns: 3140, Time: 00:08:47

Health: 0/53       AC:  4    Str: 18 (20) XL:     6   Next: 16%
Magic:  5/5        EV:  2    Int:  0 (3)  God:
Gold:   205        SH:  0    Dex:  7 (10) Spells: 5/5 levels left

rFire    . . .     SeeInvis .   v - -3 blowgun (curse)
rCold    + . .     Gourm    .   (no shield)
rNeg     + + +     Faith    .   b - +0 leather armour
rPois    ∞         Spirit   .   c - +0 helmet
rElec    .         Reflect  .   (no cloak)
rCorr    .         Harm     .   (no gloves)
MR       .....                  (no boots)
Stlth    +.........             (no amulet)
Regen    0.0/turn               (no ring)
MPRegen  0.1/turn               (no ring)

@: paralysed, rotting, slowed, lost intelligence
A: rotting body, claws 1, carnivore 3, cold resistance 1, negative energy
resistance 3, inhibited regeneration, torment resistance, unbreathing
a: no special abilities


You were on level 3 of the Dungeon.
You were not hungry.

You visited 1 branch of the dungeon, and saw 4 of its levels.
You also visited: Sewer.

You collected 205 gold pieces.

Inventory:

Hand Weapons
 a - a +0 long sword
 v - a cursed -3 blowgun (weapon)
Missiles
 d - 3 throwing nets
 h - 24 sling bullets
 w - 27 poisoned needles (quivered)
Armour
 b - a +0 leather armour (worn)
 c - a +0 helmet (worn)
Jewellery
 u - a cursed ring of teleportation {unknown}
Scrolls
 e - 2 scrolls of noise {unknown}
 g - 4 scrolls of identify {unknown}
 j - 3 scrolls of amnesia {unknown}
 l - 6 scrolls of teleportation {unknown}
 s - a scroll of fog {unknown}
 t - 3 scrolls of enchant weapon {unknown}
Potions
 k - 2 potions of agility {unknown}
 m - a potion of magic {unknown}
 n - a potion of mutation {unknown}
 o - 2 potions of degeneration
 p - 2 potions of haste {unknown}
 q - a potion of brilliance {unknown}
 r - a potion of cancellation {unknown}
 x - 3 potions of flight {unknown}
 z - 2 potions of curing {unknown}
Comestibles
 f - a meat ration
 i - 6 royal jellies


   Skills:
 + Level 4.4 Fighting
 + Level 4.0 Long Blades
 - Level 1.7 Throwing
 + Level 2.8 Armour
 - Level 2.6 Dodging


You had 5 spell levels left.
You didn't know any spells.

Dungeon Overview and Level Annotations

Branches:
Dungeon (4/15)
 Temple: D:4-7

Altars:
Sif Muna

Annotations:
D:3 Xenophilius's ghost, amateur OpEn


Innate Abilities, Weirdness & Mutations

Your body is rotting away.
You thrive on raw meat.
You are immune to poison.
You have sharp fingernails.
You are carnivorous and can eat meat at any time.
Your flesh is cold resistant. (rC+)
You are immune to negative energy. (rN+++)
You do not regenerate when monsters are visible.
You are immune to unholy pain and torment.
You can survive without breathing.


Message History

You are too injured to fight recklessly!
There is a stone staircase leading up here.
The orc barely misses you. The orc hits you but does no damage.
There is a stone staircase leading up here.
The orc hits you but does no damage.
You climb upwards.
Level annotation: Xenophilius's ghost, amateur OpEn
There is a stone staircase leading down here.
It was a potion of degeneration.
There was something very wrong with that liquid.
You feel weakened.
You feel dopey.
You have lost your intelligence.
You feel clumsy. The orc hits you with a short sword.
* * * LOW HITPOINT WARNING * * *
The orc hits you with a short sword.
* * * LOW HITPOINT WARNING * * *
The orc hits you but does no damage. The orc hits you with a short sword.
You die...

#.# #.##...#####.# #.# #.##.###
#.# #.# #.##.#######.# #.#
########.#..........# #.#
#............#####..#
#.###.8.....8....# #....#
#.##..........#.## #.#.##
#########.##..........#)# #.#.##
##.............o@.....#.####.#..#
.#.#########..........#<#.....[..
#..# ##.........#.#........ ##.#
#.8.....8.#.#..#.#..#
#..##########.........#.........#
.#.##..................##..#.#..#
##.##.##########..####.##.....#.#
#..##.# #..# #.##..#.##.# #.###.#
#..# #.##........


You could see an orc.

Vanquished Creatures
  A big kobold (Sewer)
  A crimson imp (D:3)
  5 adders
  A worm (D:3)
  5 leopard geckos
  2 orcs (D:3)
  A ball python (D:2)
  7 bats
  10 giant cockroaches
  12 goblins
  11 hobgoblins
  7 jackals
  12 kobolds
  3 quokkas (D:2)
  6 frilled lizards
  9 rats
93 creatures vanquished.

Notes
Turn   | Place    | Note
-------+----------+-------------------------------------------
     0 | D:1      | ldierk the Ghoul Gladiator began the quest for the Orb.
     0 | D:1      | Reached XP level 1. HP: 17/17 MP: 0/0
   196 | D:1      | Reached XP level 2. HP: 20/25 MP: 1/1
   205 | D:1      | Reached skill level 1 in Armour
   728 | D:1      | Reached XP level 3. HP: 27/30 MP: 2/2
  1515 | D:2      | Reached XP level 4. HP: 31/37 MP: 3/3
  1921 | D:2      | Found a deep blue altar of Sif Muna.
  2254 | D:3      | Found a glowing drain.
  2268 | Sewer    | Entered a sewer
  2325 | Sewer    | Noticed a big kobold
  2327 | Sewer    | Reached XP level 5. HP: 45/45 MP: 4/4
  2351 | Sewer    | Killed a big kobold
  2397 | Sewer    | Found a white marble altar of Elyvilon.
  2477 | D:3      | Reached XP level 6. HP: 49/52 MP: 5/5
  2710 | D:3      | Noticed Xenophilius's ghost (amateur OpEn)
  3137 | D:3      | Lost intelligence.
  3140 | D:3      | Slain by an orc

Vault maps used:
D:1:      shiori_shiawase, minmay_hexomino_f4
D:2:      marbit_many_paths
D:3:      minitemple, nicolae_overflow_crystal_walls, portal_sewer_entry_f,
          st_stairs_1
D:4:      uniq_crazy_yiuf_cottage
Sewer:    sewer_kobolds

Skill      XL: |  1  2  3  4  5  6 |
---------------+-------------------+-----
Armour         | 1 2 |  2.8
Long Blades    | 3 4 |  4.0
Fighting       | 3 4 |  4.4
Throwing       | |  1.7
Dodging        | |  2.6

Action                   |  1- 3 |  4- 6 || total
-------------------------+-------+-------++-------
Melee: Long sword        |    99 |   181 ||   280
 Fire: Blowgun           |       |     7 ||     7
  Use: Potion            |       |     1 ||     1
  Eat: Chunk             |     6 |    19 ||    25
Armor: Leather armour    |    33 |    75 ||   108
Dodge: Dodged            |    77 |   138 ||   215
       Rpst.: Long sword |    21 |    46 ||    67
